[Event "FIDE WYCC 2016 U16 boys"]
[Site "Khanty Mansiysk"]
[Date "2016.09.24"]
[Round "3.2"]
[White "Martirosyan, Haik M"]
[Black "Saydaliev, Saidakbar"]
[Result "1-0"]
[ECO "E32"]
[WhiteElo "2470"]
[BlackElo "2403"]
[Annotator "Reinhold Goldau"]
[PlyCount "89"]
[EventDate "2016.09.??"]
[EventType "swiss"]
[EventRounds "11"]
[EventCountry "RUS"]
[SourceTitle "Youth Database"]
[Source "CBase R.Goldau"]
[SourceDate "2000.03.01"]
[TimeControl "40/5400+30:1800+30"]

1. d4 Nf6 2. c4 e6 3. Nc3 Bb4 4. Qc2 O-O 5. a3 Bxc3+ 6. Qxc3 d6 7. Bg5 Nbd7 8. e3 b6 9. Ne2 c5 10. dxc5 dxc5 11. Qc2 Bb7 12. Nc3 Qe7 13. f3 h6 14. Bh4 Rfd8 15. Be2 Nf8 16. O-O Rd7 17. Rfd1 Rad8 18. Bd3 Bc6 19. Rd2 e5 20. Rad1 e4 21. fxe4 g5 22. Be1 Ng4 23. Re2 Ne5 24. Nd5 Qe6 25. Bc3 Nh7 26. Bxe5 Qxe5 27. Rf1 Re8 28. Ref2 Kg7 29. Rf5 Qb8 30. Qc3+ Kg8 31. e5 Re6 32. Be2 Qb7 33. e4 Kg7 34. Bh5 Nf8 35. Rxf7+ Rxf7 36. Rxf7+ Qxf7 37. Bxf7 Kxf7 38. Qf3+ Kg7 39. Ne7 Bxe4 40. Nf5+ Bxf5 41. Qxf5 a5 42. Kf2 Kg8 43. Ke3 Re7 44. g3 Nd7 45. Qg6+ 1-0

[Event "FIDE WYCC 2016 U16 boys"]
[Site "Khanty Mansiysk"]
[Date "2016.09.24"]
[Round "3.3"]
[White "Triapishko, Olexandr"]
[Black "Elistratov, Semen"]
[Result "1/2-1/2"]
[ECO "D02"]
[WhiteElo "2458"]
[BlackElo "2371"]
[Annotator "Reinhold Goldau"]
[PlyCount "82"]
[EventDate "2016.09.??"]
[EventType "swiss"]
[EventRounds "11"]
[EventCountry "RUS"]
[SourceTitle "Youth Database"]
[Source "CBase R.Goldau"]
[SourceDate "2000.03.01"]
[TimeControl "40/5400+30:1800+30"]

1. Nf3 d5 2. g3 g6 3. Bg2 Bg7 4. d4 Nf6 5. O-O O-O 6. c3 Nbd7 7. Bf4 c5 8. a4 a5 9. Na3 b6 10. Ne5 Bb7 11. Nb5 Nxe5 12. dxe5 Ne8 13. c4 e6 14. Qd2 Qe7 15.
cxd5 exd5 16. Bxd5 Rd8 17. Bg5 Qxe5 18. Bxd8 Bxd5 19. Nc3 Bc6 20. Rad1 Qe6 21. Qe3 Qh3 22. f3 Nf6 23. Bxf6 Bxf6 24. Qf4 Bg7 25. Qd6 Rc8 26. Nb5 Bxb5 27. axb5 Bd4+ 28. Rxd4 cxd4 29. g4 Re8 30. Rf2 Rc8 31. Rf1 Re8 32. Rf2 Rc8 33. Rf1 Re8 34. Rf2 Rc8 35. Rf1 Re8 36. Rf2 Rc8 37. Rf1 Re8 38. Rf2 Rc8 39. Rf1 Re8 40. Rf2 Rc8 41. Rf1 Re8 1/2-1/2

[Event "FIDE WYCC 2016 U16 boys"]
[Site "Khanty Mansiysk"]
[Date "2016.09.24"]
[Round "3.4"]
[White "Urban, Konstantin"]
[Black "Fawzy, Adham"]
[Result "1-0"]
[ECO "B32"]
[WhiteElo "2361"]
[BlackElo "2451"]
[Annotator "Reinhold Goldau"]
[PlyCount "81"]
[EventDate "2016.09.??"]
[EventType "swiss"]
[EventRounds "11"]
[EventCountry "RUS"]
[SourceTitle "Youth Database"]
[Source "CBase R.Goldau"]
[SourceDate "2000.03.01"]
[TimeControl "40/5400+30:1800+30"]

1. e4 c5 2. Nf3 Nc6 3. d4 cxd4 4. Nxd4 e5 5. Nb5 d6 6. N1c3 a6 7. Na3 b5 8. Nd5 Nce7 9. c4 Nxd5 10. exd5 bxc4 11. Nxc4 Nf6 12. Be3 Rb8 13. Be2 Be7 14. a4 O-O 15. O-O Bb7 16. Nb6 Nd7 17. a5 f5 18. f3 Nf6 19. Bc4 Qe8 20. Qe2 Bd8 21. Rad1 Qf7 22. Bxa6 Bxb6 23. Bxb6 Bxa6 24. Qxa6 Nxd5 25. Bf2 Rxb2 26.
Qxd6 Nc3 27. Rd2 Rb5 28. Qc6 Qb3 29. a6 Ra5 30. Rd7 Kh8 31.
Qc7 Ne2+ 32. Kh1 Qc3 33. Rd8 Kg8 34. Rxf8+ Kxf8 35. Qd8+ Kf7 36. Qd7+ Kg6 37. Qe6+ Kg5 38. Be1 Qa1 39. h4+ Kf4 40. Qc4+ e4 41. Qxe2 1-0

[Event "FIDE WYCC 2016 U16 girls"]
[Site "Khanty Mansiysk"]
[Date "2016.09.22"]
[Round "1.1"]
[White "Shuvalova, Polina"]
[Black "Bauyrzhan, Arnash"]
[Result "1/2-1/2"]
[ECO "A14"]
[WhiteElo "2393"]
[BlackElo "1904"]
[Annotator "Reinhold Goldau"]
[PlyCount "70"]
[EventDate "2016.09.??"]
[EventType "swiss"]
[EventRounds "11"]
[EventCountry "RUS"]
[SourceTitle "Youth Database"]
[Source "CBase R.Goldau"]
[SourceDate "2000.03.01"]
[TimeControl "40/5400+30:1800+30"]

1. Nf3 d5 2. g3 Nf6 3. Bg2 e6 4. O-O Be7 5. c4 O-O 6. b3 c5 7. Bb2 Nc6 8. e3 Qb6 9. cxd5 exd5 10. Nc3 Bf5 11. d4 cxd4 12. Nxd4 Nxd4 13. Na4 Qa6 14. Bxd4 Rac8 15. Nc3 Bd3 16. Re1 Rfd8 17. Nxd5 Nxd5 18. Bxd5 Rxd5 19. Qg4 Rxd4 20. exd4 f5 21. Qf4 Bb4 22. Rec1 Re8 23.
d5 Bd6 24. Qd2 Be4 25. Rc4 h6 26. Re1 Re5 27. h4 Rxd5 28. Rd4 Rxd4 29. Qxd4 Qc6 30. Kh2 Kh7 31. h5 Qe8 32. Rxe4 fxe4 33. Qxd6 Qxh5+ 34. Kg1 Qf3 35. Qd5 b6 1/2-1/2

[Event "FIDE WYCC 2016 U16 girls"]
[Site "Khanty Mansiysk"]
[Date "2016.09.22"]
[Round "1.2"]
[White "Tishova, Svetlana"]
[Black "Yakubbaeva, Nilufar"]
[Result "0-1"]
[ECO "B18"]
[WhiteElo "2317"]
[BlackElo "1896"]
[Annotator "Reinhold Goldau"]
[PlyCount "50"]
[EventDate "2016.09.??"]
[EventType "swiss"]
[EventRounds "11"]
[EventCountry "RUS"]
[SourceTitle "Youth Database"]
[Source "CBase R.Goldau"]
[SourceDate "2000.03.01"]
[TimeControl "40/5400+30:1800+30"]

1. e4 c6 2. d4 d5 3. Nc3 dxe4 4. Nxe4 Bf5 5. Ng3 Bg6 6. Nh3 e6 7. Nf4 Bd6 8. Ngh5 Kf8 9. Bc4 Nf6 10. O-O Nxh5 11. Nxh5 Bxh2+ 12. Kxh2 Qh4+ 13. Kg1 Bxh5 14. Qd2 c5 15. dxc5 Nc6 16. Qd6+ Kg8 17. b3 Rd8 18. Qc7 Nd4 19. Bb2 h6 20. Qe5 Rd5 21. Qb8+ Kh7 22. Qxh8+ Kxh8 23. Bxd4 Rxd4 24. f3 Rd2 25. Rad1 Qd4+ 0-1

[Event "FIDE WYCC 2016 U16 girls"]
[Site "Khanty Mansiysk"]
[Date "2016.09.22"]
[Round "1.3"]
[White "Jakab, Kincso"]
[Black "Amina, Battsooj"]
[Result "1/2-1/2"]
[ECO "D05"]
[WhiteElo "1893"]
[BlackElo "2302"]
[Annotator "Reinhold Goldau"]
[PlyCount "87"]
[EventDate "2016.09.??"]
[EventType "swiss"]
[EventRounds "11"]
[EventCountry "RUS"]
[SourceTitle "Youth Database"]
[Source "CBase R.Goldau"]
[SourceDate "2000.03.01"]
[TimeControl "40/5400+30:1800+30"]

1. d4 Nf6 2. Nf3 d5 3. e3 e6 4. Bd3 c5 5. b3 Nc6 6. Bb2 Be7 7. Nbd2 O-O 8. O-O b6 9. a3 Bb7 10. Ne5 Nxe5 11. dxe5 Ne4 12. f4 f6 13. Nxe4 dxe4 14. Bc4 Bd5 15. Qe2 Bxc4 16. Qxc4 Qd5 17. Rfd1 Qxc4 18. bxc4 Kf7 19. Kf2 Rfd8 20. Ke2 fxe5 21. Rf1 Kg6 22. Bxe5 Bf6 23. Bxf6 Kxf6 24. a4 Rd6 25. Rad1 Rad8 26. Rxd6 Rxd6 27. Rb1 h5 28. Rb5 e5 29. fxe5+ Kxe5 30. a5 Rg6 31. Kf2 Rf6+ 32. Ke2 Kf5 33. axb6 axb6 34. Rb1 Rd6 35. Rf1+ Ke5 36. Ra1 g5 37. Ra8 Kf5 38. Re8 Re6 39. Rd8 Kf6 40. Rf8+ Ke5 41. Rh8 h4 42. h3 Rg6 43. Re8+ Re6 44. Rg8 1/2-1/2

[Event "FIDE WYCC 2016 U16 girls"]
[Site "Khanty Mansiysk"]
[Date "2016.09.22"]
[Round "1.4"]
[White "Martynkova, Olena"]
[Black "Kozybayeva, Alisa"]
[Result "1-0"]
[ECO "A13"]
[WhiteElo "2287"]
[BlackElo "1888"]
[Annotator "Reinhold Goldau"]
[PlyCount "59"]
[EventDate "2016.09.??"]
[EventType "swiss"]
[EventRounds "11"]
[EventCountry "RUS"]
[SourceTitle "Youth Database"]
[Source "CBase R.Goldau"]
[SourceDate "2000.03.01"]
[TimeControl "40/5400+30:1800+30"]

1. Nf3 Nf6 2. g3 d5 3. Bg2 e6 4. O-O c5 5. c4 d4 6. e3 Nc6 7. exd4 cxd4 8. d3 Bd6 9. b3 O-O 10. Bb2 e5 11. a3 a5 12. Nbd2 Nd7 13.
Nh4 Nc5 14. Ne4 g5 15. Nxc5 Bxc5 16. Nf3 Bf5 17. h4 h6 18. Re1 Bd6 19. Bc1 f6 20. hxg5 hxg5 21. Nd2 Bxd3 22. Ne4 Bxe4 23. Bxe4 Qe8 24. Kg2 Kg7 25. Rh1 Rh8 26. Rxh8 Qxh8 27. Qg4 Be7 28. Bd2 Qe8 29. Rh1 Kg8 30. Qe6+ 1-0

[Event "FIDE WYCC 2016 U16 girls"]
[Site "Khanty Mansiysk"]
[Date "2016.09.24"]
[Round "3.1"]
[White "Yao, Lan"]
[Black "Broly, Mathilde"]
[Result "1-0"]
[ECO "C17"]
[WhiteElo "2235"]
[BlackElo "2046"]
[Annotator "Reinhold Goldau"]
[PlyCount "59"]
[EventDate "2016.09.??"]
[EventType "swiss"]
[EventRounds "11"]
[EventCountry "RUS"]
[SourceTitle "Youth Database"]
[Source "CBase R.Goldau"]
[SourceDate "2000.03.01"]
[TimeControl "40/5400+30:1800+30"]

1. e4 e6 2. d4 d5 3. Nc3 Bb4 4. e5 c5 5. Bd2 Ne7 6. Nb5 Bxd2+ 7. Qxd2 O-O 8.
f4 a6 9. Nd6 cxd4 10. Nf3 Nec6 11. Bd3 h6 12. O-O f6 13. Qe1 Nd7 14. Qg3 fxe5 15. fxe5 Rxf3 16. gxf3 Ndxe5 17. Nxc8 Rxc8 18. Kh1 Nxd3 19. cxd3 Qf6 20. Rae1 Rd8 21. Re2 e5 22. f4 Rf8 23. f5 Re8 24. Qf3 Rd8 25. Rg2 Kh7 26. Rg6 Qf8 27. Rfg1 Rd7 28. f6 gxf6 29. Rxf6 Qe8 30. Qf5+ 1-0

[Event "FIDE WYCC 2016 U16 girls"]
[Site "Khanty Mansiysk"]
[Date "2016.09.24"]
[Round "3.2"]
[White "Kochukova, Anna"]
[Black "Kazarian, Anna Maja"]
[Result "0-1"]
[ECO "C01"]
[WhiteElo "2073"]
[BlackElo "2231"]
[Annotator "Reinhold Goldau"]
[PlyCount "104"]
[EventDate "2016.09.??"]
[EventType "swiss"]
[EventRounds "11"]
[EventCountry "RUS"]
[SourceTitle "Youth Database"]
[Source "CBase R.Goldau"]
[SourceDate "2000.03.01"]
[TimeControl "40/5400+30:1800+30"]

1. e4 e6 2. c4 d5 3. exd5 exd5 4. cxd5 Nf6 5. Nc3 Nxd5 6. Nf3 c6 7. d4 Be7 8. Bd3 Be6 9. O-O Nd7 10. Re1 h6 11. a3 O-O 12. Ne4 Qc7 13.
Bd2 Rad8 14. Rc1 N7f6 15. Ng3 Rfe8 16. Bb1 Bg4 17. h3 Bxf3 18. Qxf3 Bd6 19. Nf5 Bf4 20. Bxf4 Qxf4 21. Qxf4 Nxf4 22. Kf1 Rxe1+ 23. Rxe1 g6 24. Nxh6+ Kg7 25. Ng4 Nxg4 26. hxg4 Rxd4 27. g3 Nd5 28. Re4 Rxe4 29. Bxe4 Kf6 30. Ke2 Ke5 31. Kd3 g5 32. Bf5 Ne7 33. Be4 a5 34. b3 b5 35. Bf3 Nd5 36. Bd1 c5 37. a4 bxa4 38.
bxa4 Nb6 39. Bb3 f6 40. Bc2 c4+ 41. Kc3 Kd5 42. f4 Kc5 43.
fxg5 fxg5 44. Bd1 Nd5+ 45. Kd2 Kd4 46. Bc2 Nc3 47. Kc1 Ke3 48.
Kb2 Kd2 49. Ka3 Nd5 50. Kb2 Nb4 51. Bb1 Nd3+ 52. Ka3 Nc5 0-1

[Event "FIDE WYCC 2016 U16 girls"]
[Site "Khanty Mansiysk"]
[Date "2016.09.24"]
[Round "3.3"]
[White "Aakanksha, Hagawane"]
[Black "Hrescak, Ivana"]
[Result "1/2-1/2"]
[ECO "B31"]
[WhiteElo "2183"]
[BlackElo "1957"]
[Annotator "Reinhold Goldau"]
[PlyCount "99"]
[EventDate "2016.09.??"]
[EventType "swiss"]
[EventRounds "11"]
[EventCountry "RUS"]
[SourceTitle "Youth Database"]
[Source "CBase R.Goldau"]
[SourceDate "2000.03.01"]
[TimeControl "40/5400+30:1800+30"]

1. e4 c5 2. Nc3 Nc6 3. Bb5 Nd4 4. Nf3 g6 5. Nxd4 cxd4 6.
Ne2 Bg7 7. O-O e6 8. c3 a6 9. Bd3 dxc3 10. dxc3 d5 11. Ng3 h5 12. exd5 Qxd5 13. Ne4 Bd7 14. c4 Qc6 15. Bf4 e5 16. Bg5 f5 17. Nc3 Be6 18.
Re1 Nh6 19. Bxh6 Rxh6 20. Be2 Kf7 21. Rc1 h4 22. Nd5 h3 23. g3 Rd8 24. Qd2 Rhh8 25. Qb4 Rd7 26. Red1 Bh6 27. Rc3 Bf8 28. Qb3 Bc5 29. Bf3 e4 30. Be2 g5 31. Qc2 Ba7 32. b4 Rc8 33. Rc1 Bd4 34. Bh5+ Kf8 35.
Ne3 f4 36. Bg6 fxe3 37. fxe3 Bxc3 38. Qxc3 Kg8 39. Qe5 Bf7 40. Bxe4 Qe6 41. Qxg5+ Kf8 42. Bf5 Qc6 43. e4 Qb6+ 44. c5 Qxb4 45. Qh6+ Ke7 46. Qh4+ Kf8 47. Qh8+ Ke7 48. Qh4+ Kf8 49. Qh8+ Ke7 50. Qh4+ 1/2-1/2

[Event "FIDE WYCC 2016 U16 girls"]
[Site "Khanty Mansiysk"]
[Date "2016.09.24"]
[Round "3.4"]
[White "Simakova, Elena"]
[Black "Vazquez Maccarini, Danitza"]
[Result "0-1"]
[ECO "B30"]
[WhiteElo "1860"]
[BlackElo "2142"]
[Annotator "Reinhold Goldau"]
[PlyCount "112"]
[EventDate "2016.09.??"]
[EventType "swiss"]
[EventRounds "11"]
[EventCountry "RUS"]
[SourceTitle "Youth Database"]
[Source "CBase R.Goldau"]
[SourceDate "2000.03.01"]
[TimeControl "40/5400+30:1800+30"]

1. e4 c5 2. Nf3 Nc6 3. Bb5 Nd4 4. Bc4 e6 5. Nc3 Nf6 6. e5 Ng4 7. Nxd4 Nxe5 8. Nxe6 dxe6 9. Bb5+ Bd7 10. Bxd7+ Qxd7 11. d3 Be7 12. Bf4 Ng6 13. Bg3 Qc6 14. O-O O-O 15. Qh5 Rad8 16. Rad1 b5 17. b3 f5 18. f4 c4 19. Qf3 Bc5+ 20. Kh1 Qxf3 21. Rxf3 cxb3 22. axb3 b4 23. Ne2 Rc8 24. d4 Bd6 25. Rc1 Rc7 26. c4 bxc3 27. Rfxc3 Rb7 28. Rc6 Rd8 29. R1c3 Ne7 30. R6c4 Rdb8 31. Nc1 Nd5 32. Rf3 Ba3 33. h3 Bxc1 34. Rxc1 Rxb3 35. Rc8+ Rxc8 36. Rxb3 a6 37. Kg1 Kf7 38. Kf2 Nc3 39. Ke3 Nb5 40. Be1 Rc2 41. g3 Re2+ 42. Kxe2 Nxd4+ 43. Kd3 Nxb3 44. Kc4 Nc1 45. Kc3 Ne2+ 46. Kd3 Ng1 47. h4 Nf3 48. Bc3 e5 49. fxe5 Ke6 50. Ke3 Nh2 51. Kf4 g6 52. Kg5 Ng4 53. Kf4 h6 54. h5 g5+ 55. Kf3 Nxe5+ 56. Ke2 Ng4 0-1

[Event "FIDE WYCC 2016 U18 boys"]
[Site "Khanty Mansiysk"]
[Date "2016.09.22"]
[Round "1.1"]
[White "Vavulin, Maksim"]
[Black "Vaishali, R."]
[Result "1-0"]
[ECO "B90"]
[WhiteElo "2582"]
[BlackElo "2295"]
[Annotator "Reinhold Goldau"]
[PlyCount "69"]
[EventDate "2016.09.??"]
[EventType "swiss"]
[EventRounds "11"]
[EventCountry "RUS"]
[SourceTitle "Youth Database"]
[Source "CBase R.Goldau"]
[SourceDate "2000.03.01"]
[TimeControl "40/5400+30:1800+30"]

1. e4 c5 2. Nf3 d6 3. d4 cxd4 4. Nxd4 Nf6 5. Nc3 a6 6. Rg1 e5 7. Nb3 Be6 8. g4 Nc6 9. g5 Nd7 10. Be3 Rc8 11. Nd5 Be7 12. Qd2 O-O 13.
O-O-O f5 14. Bh3 Nc5 15. Nxe7+ Qxe7 16. exf5 Bxf5 17. Qd5+ Kh8 18. Bxf5 Rxf5 19. Qxd6 Qxd6 20. Rxd6 Ne4 21.
Rd7 Nb4 22. c3 Nxf2 23. Nc5 b6 24. Ne6 g6 25. h4 Rf3 26.
Kd2 Ne4+ 27. Ke2 Rh3 28. cxb4 Rc2+ 29. Kd1 Rc8 30. Bxb6 Rh2 31. Bc7 Nf2+ 32. Ke1 Kg8 33. Rf1 Ne4 34. Rg7+ Kh8 35. Rgf7 1-0

[Event "FIDE WYCC 2016 U18 boys"]
[Site "Khanty Mansiysk"]
[Date "2016.09.22"]
[Round "1.2"]
[White "Meunier, Clement"]
[Black "Petrosyan, Manuel"]
[Result "0-1"]
[ECO "C00"]
[WhiteElo "2290"]
[BlackElo "2530"]
[Annotator "Reinhold Goldau"]
[PlyCount "94"]
[EventDate "2016.09.??"]
[EventType "swiss"]
[EventRounds "11"]
[EventCountry "RUS"]
[SourceTitle "Youth Database"]
[Source "CBase R.Goldau"]
[SourceDate "2000.03.01"]
[TimeControl "40/5400+30:1800+30"]

1. e4 c5 2. Nf3 e6 3. g3 Nc6 4. Bg2 Nf6 5. Qe2 Be7 6. e5 Nd5 7. Nc3 Nc7 8.
Ne4 d5 9. exd6 Bxd6 10. Nxd6+ Qxd6 11. d3 O-O 12. O-O e5 13. Nd2 Be6 14. Nc4 Bxc4 15. dxc4 Nd4 16. Qd3 Qg6 17. Qxg6 hxg6 18. c3 Ne2+ 19. Kh1 Nxc1 20. Raxc1 Rad8 21. Rcd1 g5 22. Rfe1 b6 23. Bf3 f6 24. Kg2 Kf7 25. Rxd8 Rxd8 26. Rd1 Rxd1 27. Bxd1 f5 28. f3 Ne8 29. Kf2 Nd6 30. a4 Kf6 31. b3 e4 32. h3 exf3 33.
Bxf3 Ke5 34. Ke3 f4+ 35. gxf4+ gxf4+ 36. Kd3 Nf7 37. Bg4 a5 38. Bh5 Ng5 39. Bg4 Ne4 40. Bc8 f3 41. Ke3 f2 42. Ke2 Kf4 43.
Bb7 Nd6 44. Bg2 Kg3 45. Bf1 Nf5 46. h4 Nxh4 47. Ke3 Nf3 {[%emt 0:00:27] Kd4}
0-1

[Event "FIDE WYCC 2016 U18 boys"]
[Site "Khanty Mansiysk"]
[Date "2016.09.22"]
[Round "1.3"]
[White "Kollars, Dmitrij"]
[Black "Kandil, Adham"]
[Result "1-0"]
[ECO "B94"]
[WhiteElo "2491"]
[BlackElo "2277"]
[Annotator "Reinhold Goldau"]
[PlyCount "87"]
[EventDate "2016.09.??"]
[EventType "swiss"]
[EventRounds "11"]
[EventCountry "RUS"]
[SourceTitle "Youth Database"]
[Source "CBase R.Goldau"]
[SourceDate "2000.03.01"]
[TimeControl "40/5400+30:1800+30"]

1. e4 c5 2. Nf3 d6 3. d4 cxd4 4. Nxd4 Nf6 5. Nc3 a6 6. Bg5 Nbd7 7. Qe2 e6 8. O-O-O Be7 9. f4 h6 10. Bh4 Qc7 11. g4 g5 12. fxg5 Nh7 13.
Bg3 hxg5 14. h4 Ne5 15. hxg5 Bxg5+ 16. Kb1 Bd7 17. Nf3 Bf6 18. Nxe5 dxe5 19. Qf2 Bg7 20. Be2 f6 21. Rd3 Ng5 22. Rxh8+ Bxh8 23. Bh4 O-O-O 24. Bxg5 fxg5 25. Qf7 Re8 26.
Qg6 Bc6 27. Qxg5 Bg7 28. Rh3 Bf8 29. Bc4 Bb4 30. a3 Bc5 31.
Qf6 Bd7 32. Rh8 Rxh8 33. Qxh8+ Qd8 34. Qxe5 Qb6 35. Bxe6 Bxe6 36. Na4 Qd6 37. Qxc5+ Qxc5 38. Nxc5 Bxg4 39. Kc1 Bf3 40. Kd2 b6 41. Ke3 Bd1 42. Nxa6 Bxc2 43. Nb4 Bb3 44. Kf4 1-0

[Event "FIDE WYCC 2016 U18 boys"]
[Site "Khanty Mansiysk"]
[Date "2016.09.22"]
[Round "1.4"]
[White "Rajkovic, Mladen"]
[Black "Bellahcene, Bilel"]
[Result "0-1"]
[ECO "B51"]
[WhiteElo "2275"]
[BlackElo "2483"]
[Annotator "Reinhold Goldau"]
[PlyCount "80"]
[EventDate "2016.09.??"]
[EventType "swiss"]
[EventRounds "11"]
[EventCountry "RUS"]
[SourceTitle "Youth Database"]
[Source "CBase R.Goldau"]
[SourceDate "2000.03.01"]
[TimeControl "40/5400+30:1800+30"]

1. e4 c5 2. Nf3 d6 3. Bb5+ Nd7 4. O-O Ngf6 5. Re1 a6 6. Bd3 b5 7. c3 Bb7 8. Bc2 Qc7 9. a4 Rb8 10. axb5 axb5 11. d4 e5 12. b4 c4 13. d5 g6 14. Ra5 Ra8 15. Rxb5 Be7 16. Na3 O-O 17. Qd2 Rfc8 18. Bb2 Bd8 19. Ra1 Qb8 20. Qe2 Bb6 21. Nxc4 Rxa1+ 22. Bxa1 Ba6 23. Nxb6 Bxb5 24. Qxb5 Nxb6 25. Nd2 Qa7 26. Qf1 Qa3 27. Qb1 Na4 28. Bxa4 Qxa4 29. h3 Nd7 30. c4 Qa3 31. c5 dxc5 32. bxc5 Rxc5 33. Bb2 Qb4 34. Nf3 Rb5 35. Qc1 Qxb2 36. Qc8+ Nf8 37. d6 Qb3 38. Kh2 Qe6 39. Qc6 Qd7 40. Qc4 Ne6 0-1

[Event "FIDE WYCC 2016 U18 boys"]
[Site "Khanty Mansiysk"]
[Date "2016.09.24"]
[Round "3.1"]
[White "Christiansen, Johan Sebastian"]
[Black "Petrosyan, Manuel"]
[Result "1/2-1/2"]
[ECO "D06"]
[WhiteElo "2413"]
[BlackElo "2530"]
[Annotator "Reinhold Goldau"]
[PlyCount "67"]
[EventDate "2016.09.??"]
[EventType "swiss"]
[EventRounds "11"]
[EventCountry "RUS"]
[SourceTitle "Youth Database"]
[Source "CBase R.Goldau"]
[SourceDate "2000.03.01"]
[TimeControl "40/5400+30:1800+30"]

1. Nf3 d5 2. d4 Bf5 3. c4 e6 4. Nc3 Nf6 5. Nh4 Be4 6. f3 Bg6 7. Nxg6 hxg6 8. cxd5 exd5 9. Qb3 Nc6 10. Bg5 Nxd4 11. Qa4+ Nc6 12. O-O-O d4 13. e3 Bd6 14. exd4 O-O 15. h4 Be7 16. d5 Ne5 17. Qd4 Ned7 18.
Bd3 Re8 19. Kb1 Nh7 20. Bxe7 Qxe7 21. h5 Qe5 22. Qc4 Nb6 23. Qb3 g5 24. d6 Nf6 25. dxc7 Qxc7 26. h6 gxh6 27. Nb5 Qe5 28. Nd6 Re6 29. Nf5 h5 30. Nh6+ Kg7 31. Nf5+ Kh8 32. Nh6 Kg7 33. Nf5+ Kh8 34. Nh6 1/2-1/2

[Event "FIDE WYCC 2016 U18 boys"]
[Site "Khanty Mansiysk"]
[Date "2016.09.24"]
[Round "3.2"]
[White "Kollars, Dmitrij"]
[Black "Mousavi, Seyed Khalil"]
[Result "1/2-1/2"]
[ECO "C18"]
[WhiteElo "2491"]
[BlackElo "2412"]
[Annotator "Reinhold Goldau"]
[PlyCount "76"]
[EventDate "2016.09.??"]
[EventType "swiss"]
[EventRounds "11"]
[EventCountry "RUS"]
[SourceTitle "Youth Database"]
[Source "CBase R.Goldau"]
[SourceDate "2000.03.01"]
[TimeControl "40/5400+30:1800+30"]

1. e4 e6 2. d4 d5 3. Nc3 Bb4 4. e5 c5 5. a3 Bxc3+ 6. bxc3 Ne7 7. Qg4 Qc7 8. Bd3 cxd4 9. Ne2 dxc3 10. Qxg7 Rg8 11. Qxh7 Qxe5 12. h4 Nbc6 13. Bf4 Qf6 14. Bg5 Qe5 15. f4 Qd6 16. h5 Bd7 17. h6 O-O-O 18.
Qxf7 Rdf8 19. Qh5 Be8 20. Qh3 d4 21. Ng3 Bg6 22. h7 Rh8 23.
Bxg6 Nxg6 24. Ne4 Qd5 25. Nf6 Nxf4 26. Nxd5 Nxh3 27. Rxh3 exd5 28. O-O-O Rf5 29. Rh5 Ne5 30. Rdh1 Kd7 31. Bf6 Rxf6 32. Rxe5 Kd6 33. Reh5 Kc5 34. g4 Rg6 35. g5 b5 36. Rg1 a5 37. Kb1 b4 38. Rg3 b3 1/2-1/2

[Event "FIDE WYCC 2016 U18 boys"]
[Site "Khanty Mansiysk"]
[Date "2016.09.24"]
[Round "3.3"]
[White "Saiyn, Zhanat"]
[Black "Hakobyan, Aram"]
[Result "1/2-1/2"]
[ECO "E12"]
[WhiteElo "2405"]
[BlackElo "2417"]
[Annotator "Reinhold Goldau"]
[PlyCount "105"]
[EventDate "2016.09.??"]
[EventType "swiss"]
[EventRounds "11"]
[EventCountry "RUS"]
[SourceTitle "Youth Database"]
[Source "CBase R.Goldau"]
[SourceDate "2000.03.01"]
[TimeControl "40/5400+30:1800+30"]

1. d4 e6 2. c4 Nf6 3. Nc3 Bb4 4. e3 b6 5. Bd3 Bb7 6. Nf3 O-O 7. O-O c5 8. Na4 cxd4 9. exd4 Bd6 10. Bg5 h6 11. Bh4 Be7 12. Nc3 d5 13. Bxf6 Bxf6 14. cxd5 exd5 15. Ne5 Nc6 16. Nxc6 Bxc6 17. Bb5 Bxb5 18. Nxb5 Qd7 19. Nc3 Rac8 20. Qd3 Rc4 21. Ne2 Rfc8 22. b3 Rc2 23. Rfc1 Bxd4 24. Rxc2 Bxa1 25. Rxc8+ Qxc8 26. g3 Qc5 27. Nf4 Bd4 28. Qf3 Qc2 29. Qe2 Qxe2 30. Nxe2 Be5 31. f3 Kf8 32. Nc1 Ke7 33. Nd3 Bd4+ 34. Kg2 Ke6 35. Kf1 Be3 36. Kg2 d4 37. Kf1 Kf5 38. Kg2 h5 39. h3 g5 40. g4+ hxg4 41. hxg4+ Ke6 42. Kf1 f5 43. gxf5+ Kxf5 44. Ke2 g4 45. fxg4+ Kxg4 46. Ne5+ Kf5 47. Nd3 Ke4 48. Ne1 Bg5 49. Nd3 Be3 50. a4 Bh6 51. Nf2+ Kd5 52. Nd3 Be3 53. Kf3 {
[%emt 0:00:19] Ke5 Ke4+} 1/2-1/2

[Event "FIDE WYCC 2016 U18 boys"]
[Site "Khanty Mansiysk"]
[Date "2016.09.24"]
[Round "3.4"]
[White "Vavulin, Maksim"]
[Black "Urazayev, Arystanbek"]
[Result "1-0"]
[ECO "C84"]
[WhiteElo "2582"]
[BlackElo "2377"]
[Annotator "Reinhold Goldau"]
[PlyCount "225"]
[EventDate "2016.09.??"]
[EventType "swiss"]
[EventRounds "11"]
[EventCountry "RUS"]
[SourceTitle "Youth Database"]
[Source "CBase R.Goldau"]
[SourceDate "2000.03.01"]
[TimeControl "40/5400+30:1800+30"]

1. e4 e5 2. Nf3 Nc6 3. Bb5 a6 4. Ba4 Nf6 5. O-O Be7 6. d3 b5 7. Bb3 d6 8. a4 Bd7 9. Bd2 O-O 10. axb5 axb5 11. Nc3 Nd4 12. Nxd4 exd4 13. Ne2 c5 14. Bg5 Be6 15. Nf4 Rxa1 16. Qxa1 Bxb3 17. cxb3 Ng4 18. Qd1 Bxg5 19. Qxg4 Bxf4 20. Qxf4 Qe7 21. Qf5 Ra8 22. Qd5 Ra2 23. b4 Rxb2 24. bxc5 dxc5 25. g3 h6 26. Ra1 Qf6 27. Rf1 Qe7 28. h4 Qa7 29. e5 Rd2 30. Rc1 Qa2 31. Qxa2 Rxa2 32. Rxc5 Rd2 33. Rxb5 Rxd3 34. Rb8+ Kh7 35. Rf8 Rd1+ 36.
Kg2 Re1 37. f4 d3 38. Rd8 Rd1 39. Kf2 h5 40. Ke3 Rg1 41. f5 Re1+ 42. Kf4 Rf1+ 43. Kg5 Re1 44. Kxh5 Rxe5 45. Kg5 f6+ 46. Kf4 Ra5 47. Rxd3 Ra4+ 48. Kf3 Kg8 49. Rd8+ Kf7 50. Rd7+ Kf8 51. Rd3 Ke7 52. Re3+ Kf7 53. Re4 Ra1 54. Kg4 Ra3 55. Rf4 g6 56. fxg6+ Kxg6 57. Rb4 Rc3 58. Kf4 Rc1 59. Rb5 Rc4+ 60. Kf3 Rc3+ 61. Kg2 Ra3 62. Kh3 Ra4 63. h5+ Kh6 64. g4 Ra1 65. Rf5 Kg7 66. Rf3 Rb1 67. Kg3 Rb4 68. Rd3 Rb1 69. Rd7+ Kh6 70. Kf4 Rf1+ 71. Ke4 Rg1 72. Kf3 Rf1+ 73. Kg2 Rf4 74. Kg3 Rf1 75. Rd3 Kg7 76. Rc3 Ra1 77. Rc7+ Kh6 78. Kf4 Rf1+ 79. Ke4 Rg1 80. Kf4 Rf1+ 81. Kg3 Ra1 82. Rc8 Kg7 83. Re8 Kf7 84. Re3 Kg7 85. Kf4 Rf1+ 86. Rf3 Re1 87. Rd3 Rf1+ 88. Ke4 Rg1 89. Kf5 Rf1+ 90. Ke6 Re1+ 91. Kf5 Rf1+ 92. Ke4 Rg1 93. Kf3 Ra1 94. Rd7+ Kh6 95. Rf7 Rf1+ 96. Ke4 Rf2 97. Ke3 Rf1 98. Ke4 Rf2 99. Rd7 Rf1 100. Ke3 Rg1 101. Kf3 Ra1 102. Rf7 Rf1+ 103. Ke3 Kg5 104. Rg7+ Kh6 105. Rg6+ Kh7 106.
Ke4 Rf2 107. Kd5 f5 108. g5 Rh2 109. Ke6 Rxh5 110. Kf7 f4 111. Rg7+ Kh8 112. Rg8+ Kh7 113. g6+ 1-0